General information
- name: BNet
- type: Ladder team game (AT/RT)
- host: Battle.net
- saver: YankeeDoodle
map: MarketSquare
- players: 8
- length: 28:14
- speed: Fast
- version: 1.26 W3XP
- replay type: Public
» download(214 KB)
Players
team 1 (loser)
stfu-k (
yellow | 127 APM | 1906 actions | 15:00)
4 Death Knight
2 Death Coil
2 Unholy Aura
2 Lich
1 Frost Nova
1 Dark Ritual
» actions
| Assign group hotkey | 53 | |
| Basic commands | 29 | |
| Build / train | 67 | |
| Enter build submenu | 22 | |
| Enter hero's abilities submenu | 7 | |
| Give item / drop item | 1 | |
| Right click | 1045 | |
| Select / deselect | 234 | |
| Select group hotkey | 388 | |
| Use ability | 60 | |
1906 total
» units
| Acolyte | 28 | |
| Ghoul | 4 | |
| Crypt Fiend | 8 | |
40 total
» upgrades
| Creature Attack | 2 | |
| Burrow | 1 | |
| Creature Carapace | 1 | |
4 total
» buildings
| Crypt | 1 | |
| Graveyard | 2 | |
| Ziggurat | 6 | |
| Altar of Darkness | 1 | |
| Tomb of Relics | 2 | |
| Nerubian Tower | 1 | |
| Spirit Tower | 4 | |
| Halls of the Dead | 1 | |
| Necropolis | 1 | |
| Black Citadel | 1 | |
| Sacrificial Pit | 1 | |
| Boneyard | 1 | |
22 total
» build order
00:18 Crypt
00:32 Graveyard
00:37 Graveyard
00:48 Ziggurat
00:58 Altar of Darkness
01:39 Tomb of Relics
01:53 Tomb of Relics
02:03 Ziggurat
02:23 Nerubian Tower
03:22 Spirit Tower
03:22 Spirit Tower
03:22 Spirit Tower
04:05 Ziggurat
05:09 Halls of the Dead
06:09 Necropolis
08:23 Black Citadel
08:25 Sacrificial Pit
12:58 Ziggurat
12:59 Ziggurat
13:00 Ziggurat
13:46 Boneyard
» items
| Rod of Necromancy | 2 | |
| Dust of Appearance | 1 | |
| Scroll of Town Portal | 1 | |
| Orb of Lightning | 1 | |
| Healing Salve | 1 | |
6 total
AVA_TBapb (
green | 53 APM | 1490 actions | 28:13)
5 Death Knight
2 Death Coil
3 Unholy Aura
3 Dreadlord
1 Vampiric Aura
2 Sleep
1 Lich
1 Frost Armor
» actions
| Assign group hotkey | 30 | |
| Build / train | 109 | |
| Enter build submenu | 23 | |
| Enter hero's abilities submenu | 10 | |
| Give item / drop item | 8 | |
| Remove unit from queue | 15 | |
| Right click | 370 | |
| Select / deselect | 400 | |
| Select group hotkey | 420 | |
| Use ability | 105 | |
1490 total
» units
| Acolyte | 30 | |
| Ghoul | 4 | |
| Crypt Fiend | 18 | |
| Frost Wyrm | 9 | |
| Peon | 1 | |
62 total
» upgrades
| Creature Carapace | 3 | |
| Creature Attack | 1 | |
| Web | 2 | |
| Freezing Breath | 1 | |
7 total
» buildings
| Ziggurat | 10 | |
| Altar of Darkness | 1 | |
| Crypt | 2 | |
| Graveyard | 1 | |
| Nerubian Tower | 2 | |
| Tomb of Relics | 1 | |
| Halls of the Dead | 1 | |
| Spirit Tower | 5 | |
| Sacrificial Pit | 1 | |
| Black Citadel | 1 | |
| Boneyard | 2 | |
27 total
» build order
00:22 Ziggurat
00:28 Altar of Darkness
00:37 Crypt
00:57 Graveyard
01:15 Ziggurat
01:23 Nerubian Tower
01:24 Nerubian Tower
01:38 Tomb of Relics
03:41 Halls of the Dead
05:25 Ziggurat
05:38 Ziggurat
06:35 Spirit Tower
06:59 Sacrificial Pit
07:58 Black Citadel
13:07 Spirit Tower
14:11 Boneyard
14:19 Boneyard
17:05 Ziggurat
17:06 Ziggurat
19:52 Spirit Tower
21:05 Ziggurat
21:08 Ziggurat
22:35 Spirit Tower
23:53 Ziggurat
23:55 Ziggurat
25:19 Spirit Tower
27:20 Crypt
» items
| Rod of Necromancy | 1 | |
| Boots of Speed | 1 | |
| Circlet of Nobility | 1 | |
| Scroll of Town Portal | 1 | |
| Scroll of Protection | 1 | |
| Potion of Mana | 1 | |
6 total

»
AJ.XX (
orange | 34 APM | 934 actions | 27:22)
5 Blademaster
3 Wind Walk
2 Critical Strike
3 Shadow Hunter
2 Healing Wave
1 Hex
» actions
| Build / train | 66 | |
| Enter build submenu | 20 | |
| Enter hero's abilities submenu | 8 | |
| Give item / drop item | 4 | |
| Right click | 502 | |
| Select / deselect | 240 | |
| Use ability | 94 | |
934 total
» units
» upgrades
| Pillage | 1 | |
| Spiked Barricades | 1 | |
| Armor | 3 | |
| Melee Weapons | 2 | |
| Pulverize | 1 | |
| Reinforced Defenses | 1 | |
| Backpack | 1 | |
10 total
» buildings
| Altar of Storms | 1 | |
| Orc Burrow | 6 | |
| War Mill | 1 | |
| Barracks | 1 | |
| Voodoo Lounge | 1 | |
| Watch Tower | 7 | |
| Stronghold | 1 | |
| Fortress | 1 | |
| Tauren Totem | 2 | |
21 total
» build order
00:08 Altar of Storms
00:19 Orc Burrow
00:51 War Mill
01:27 Barracks
01:45 Orc Burrow
02:33 Voodoo Lounge
03:13 Watch Tower
03:19 Watch Tower
03:56 Watch Tower
04:53 Stronghold
05:28 Watch Tower
05:35 Orc Burrow
07:34 Fortress
07:41 Watch Tower
07:49 Orc Burrow
07:57 Watch Tower
09:41 Orc Burrow
10:06 Tauren Totem
10:11 Tauren Totem
13:33 Orc Burrow
21:11 Watch Tower
» items
| Lesser Clarity Potion | 12 | |
| Healing Salve | 2 | |
| Potion of Healing | 5 | |
| Orb of Lightning | 1 | |
| Scroll of Speed | 2 | |
| Scroll of Town Portal | 1 | |
23 total
j-jAy[4]justice (
pink | 55 APM | 1556 actions | 28:09)
4 Demon Hunter
2 Evasion
2 Mana Burn
3 Keeper of the Grove
2 Entangling Roots
1 Thorns Aura
» actions
| Assign group hotkey | 9 | |
| Build / train | 96 | |
| Enter build submenu | 22 | |
| Enter hero's abilities submenu | 8 | |
| Give item / drop item | 1 | |
| Remove unit from queue | 3 | |
| Right click | 831 | |
| Select / deselect | 461 | |
| Select group hotkey | 49 | |
| Use ability | 76 | |
1556 total
» units
| Wisp | 22 | |
| Archer | 4 | |
| Huntress | 1 | |
| Dryad | 33 | |
| Crypt Fiend | 2 | |
| Frost Wyrm | 5 | |
67 total
» upgrades
| Abolish Magic | 1 | |
| Strength of the Moon | 3 | |
| Moon Armor | 3 | |
7 total
» buildings
| Altar of Elders | 1 | |
| Moon Well | 6 | |
| Ancient of War | 1 | |
| Hunter's Hall | 1 | |
| Tree of Ages | 1 | |
| Ancient Protector | 6 | |
| Ancient of Lore | 2 | |
| Ancient of Wonders | 1 | |
| Tree of Eternity | 1 | |
| Tree of Life | 2 | |
22 total
» build order
00:08 Altar of Elders
00:24 Moon Well
00:35 Ancient of War
01:30 Moon Well
02:57 Hunter's Hall
03:54 Tree of Ages
03:58 Moon Well
05:00 Ancient Protector
05:37 Moon Well
06:08 Ancient Protector
06:20 Ancient of Lore
06:24 Ancient of Lore
08:44 Ancient of Wonders
10:29 Tree of Eternity
10:36 Tree of Life
11:12 Tree of Life
12:05 Moon Well
12:09 Moon Well
14:36 Ancient Protector
14:40 Ancient Protector
14:59 Ancient Protector
15:04 Ancient Protector
» items
| Dust of Appearance | 1 | |
| Scroll of Town Portal | 4 | |
| Scroll of Healing | 2 | |
| Potion of Healing | 1 | |
8 total
team 2 (winner)
The_T4nk (
teal | 89 APM | 2499 actions | 28:13)
7 Blademaster
3 Wind Walk
2 Critical Strike
1 Mirror Image
1 Bladestorm
5 Shadow Hunter
3 Healing Wave
2 Hex
» actions
| Assign group hotkey | 206 | |
| Basic commands | 13 | |
| Build / train | 70 | |
| Enter build submenu | 14 | |
| Enter hero's abilities submenu | 13 | |
| Give item / drop item | 6 | |
| Right click | 1231 | |
| Select / deselect | 410 | |
| Select group hotkey | 441 | |
| Use ability | 95 | |
2499 total
» units
| Peon | 9 | |
| Troll Headhunter/Berserker | 7 | |
| Tauren | 6 | |
| Shaman | 7 | |
| Troll Witch Doctor | 5 | |
34 total
» upgrades
| Ranged Weapons | 1 | |
| Shaman Training | 2 | |
| Witch Doctor Training | 2 | |
| Melee Weapons | 3 | |
| Pulverize | 1 | |
| Armor | 1 | |
10 total
» buildings
| Altar of Storms | 1 | |
| Orc Burrow | 7 | |
| War Mill | 1 | |
| Barracks | 1 | |
| Voodoo Lounge | 1 | |
| Stronghold | 1 | |
| Spirit Lodge | 2 | |
| Fortress | 1 | |
| Tauren Totem | 1 | |
16 total
» build order
00:07 Altar of Storms
00:11 Orc Burrow
00:51 War Mill
01:14 Barracks
01:54 Orc Burrow
02:04 Voodoo Lounge
03:06 Stronghold
04:11 Orc Burrow
05:35 Spirit Lodge
06:07 Fortress
06:28 Spirit Lodge
08:02 Orc Burrow
08:30 Tauren Totem
09:47 Orc Burrow
11:57 Orc Burrow
13:42 Orc Burrow
» items
| Healing Salve | 3 | |
| Potion of Mana | 2 | |
| Potion of Healing | 2 | |
| Scroll of Town Portal | 1 | |
| Lesser Clarity Potion | 1 | |
| Potion of Lesser Invulnerability | 1 | |
10 total
ConteD (
purple | 34 APM | 606 actions | 17:53)
5 Blademaster
2 Wind Walk
3 Critical Strike
» actions
| Basic commands | 4 | |
| Build / train | 43 | |
| Enter build submenu | 15 | |
| Enter hero's abilities submenu | 5 | |
| Give item / drop item | 1 | |
| Right click | 294 | |
| Select / deselect | 158 | |
| Use ability | 86 | |
606 total
» units
| Peon | 10 | |
| Raider | 4 | |
| Troll Witch Doctor | 2 | |
16 total
» upgrades
| Spiked Barricades | 2 | |
| Melee Weapons | 3 | |
| Armor | 2 | |
| Witch Doctor Training | 1 | |
| Ensnare | 1 | |
| Reinforced Defenses | 1 | |
10 total
» buildings
| Altar of Storms | 1 | |
| Orc Burrow | 5 | |
| War Mill | 1 | |
| Voodoo Lounge | 1 | |
| Watch Tower | 3 | |
| Stronghold | 1 | |
| Beastiary | 2 | |
| Fortress | 1 | |
| Spirit Lodge | 1 | |
16 total
» build order
00:19 Altar of Storms
00:23 Orc Burrow
00:46 War Mill
01:15 Voodoo Lounge
02:08 Watch Tower
02:30 Orc Burrow
03:10 Watch Tower
03:24 Stronghold
03:30 Watch Tower
05:02 Orc Burrow
05:54 Beastiary
06:01 Beastiary
06:04 Fortress
06:46 Spirit Lodge
08:03 Orc Burrow
09:11 Orc Burrow
» items
| Healing Salve | 3 | |
| Lesser Clarity Potion | 1 | |
| Boots of Speed | 1 | |
| Scroll of Town Portal | 2 | |
| Orb of Lightning | 1 | |
| Potion of Healing | 1 | |
9 total
YankeeDoodle (
blue | 70 APM | 1980 actions | 28:14)
8 Blood Mage
3 Flame Strike
2 Siphon Mana
1 Summon Phoenix
2 Banish
» actions
| Assign group hotkey | 192 | |
| Basic commands | 25 | |
| Build / train | 108 | |
| Enter build submenu | 63 | |
| Enter hero's abilities submenu | 8 | |
| Give item / drop item | 2 | |
| Right click | 680 | |
| Select / deselect | 417 | |
| Select group hotkey | 309 | |
| Use ability | 176 | |
1980 total
» units
| Peasant | 18 | |
| Footman | 4 | |
| Sorceress | 3 | |
| Dragonhawk Rider | 6 | |
31 total
» upgrades
| Lumber Harvesting | 2 | |
| Sorceress Training | 1 | |
| Magic Sentry | 1 | |
| Masonry | 3 | |
| Cloud | 1 | |
| Swords | 3 | |
| Armor | 3 | |
| Animal War Training | 1 | |
15 total
» buildings
| Altar of Kings | 1 | |
| Barracks | 1 | |
| Farm | 13 | |
| Scout Tower | 49 | |
| Keep | 1 | |
| Arcane Tower | 3 | |
| Town Hall | 1 | |
| Lumber Mill | 3 | |
| Arcane Vault | 2 | |
| Guard Tower | 12 | |
| Arcane Sanctum | 1 | |
| Castle | 1 | |
| Gryphon Aviary | 3 | |
| Blacksmith | 2 | |
93 total
» build order
00:54 Altar of Kings
00:56 Barracks
01:05 Farm
01:08 Farm
01:08 Farm
02:04 Farm
03:08 Scout Tower
03:23 Keep
03:34 Arcane Tower
04:23 Town Hall
04:25 Scout Tower
04:25 Scout Tower
04:25 Scout Tower
04:26 Scout Tower
04:33 Lumber Mill
04:47 Arcane Vault
05:36 Guard Tower
05:56 Lumber Mill
06:03 Arcane Sanctum
07:08 Scout Tower
07:10 Scout Tower
07:10 Scout Tower
07:35 Guard Tower
07:44 Scout Tower
07:51 Scout Tower
07:54 Guard Tower
07:57 Guard Tower
08:08 Scout Tower
08:08 Scout Tower
08:10 Scout Tower
08:11 Scout Tower
08:13 Scout Tower
08:13 Scout Tower
08:14 Scout Tower
08:15 Scout Tower
08:15 Scout Tower
08:17 Scout Tower
08:18 Scout Tower
08:28 Scout Tower
08:29 Scout Tower
08:41 Guard Tower
08:48 Guard Tower
09:31 Guard Tower
09:33 Scout Tower
09:34 Scout Tower
09:35 Scout Tower
09:37 Scout Tower
09:38 Scout Tower
09:39 Scout Tower
09:59 Arcane Tower
10:01 Guard Tower
11:02 Castle
11:05 Guard Tower
12:20 Scout Tower
12:22 Scout Tower
12:57 Lumber Mill
13:00 Arcane Tower
14:55 Scout Tower
14:56 Scout Tower
14:57 Scout Tower
14:59 Scout Tower
15:00 Scout Tower
15:04 Scout Tower
15:05 Scout Tower
15:05 Scout Tower
15:06 Scout Tower
15:36 Guard Tower
16:15 Guard Tower
16:35 Scout Tower
16:35 Scout Tower
16:36 Scout Tower
16:37 Scout Tower
16:38 Scout Tower
16:39 Scout Tower
16:40 Scout Tower
16:40 Scout Tower
16:41 Scout Tower
16:57 Gryphon Aviary
16:57 Gryphon Aviary
16:58 Gryphon Aviary
17:00 Blacksmith
17:03 Blacksmith
18:56 Guard Tower
19:58 Farm
19:58 Farm
19:59 Farm
20:01 Farm
20:01 Farm
20:02 Farm
23:06 Farm
23:07 Farm
23:07 Farm
25:53 Arcane Vault
» items
| Scroll of Regeneration | 6 | |
| Potion of Mana | 6 | |
| Lesser Clarity Potion | 6 | |
| Boots of Speed | 1 | |
| Staff of Teleportation | 1 | |
| Potion of Invisibility | 6 | |
| Potion of Healing | 5 | |
| Scroll of Town Portal | 5 | |
36 total
SecretAllies (
red | 95 APM | 2668 actions | 28:13)
7 Blood Mage
3 Flame Strike
3 Siphon Mana
1 Summon Phoenix
» actions
| Assign group hotkey | 36 | |
| Basic commands | 124 | |
| Build / train | 213 | |
| Enter build submenu | 75 | |
| Enter hero's abilities submenu | 7 | |
| Give item / drop item | 7 | |
| Remove unit from queue | 1 | |
| Right click | 917 | |
| Select / deselect | 451 | |
| Select group hotkey | 677 | |
| Use ability | 160 | |
2668 total
» units
| Peasant | 30 | |
| Footman | 13 | |
| Sorceress | 2 | |
| Gryphon Rider | 4 | |
| Dragonhawk Rider | 13 | |
62 total
» upgrades
| Masonry | 3 | |
| Defend | 1 | |
| Swords | 3 | |
| Armor | 3 | |
| Lumber Harvesting | 2 | |
| Sorceress Training | 2 | |
| Magic Sentry | 1 | |
| Animal War Training | 1 | |
| Storm Hammers | 1 | |
| Cloud | 1 | |
| Priest Training | 2 | |
| Control Magic | 1 | |
| Backpack | 1 | |
| Spiked Barricades | 1 | |
| Envenomed Spears | 1 | |
| Liquid Fire | 1 | |
| War Drums Damage Increase | 1 | |
| Shaman Training | 1 | |
| Witch Doctor Training | 1 | |
| Spirit Walker Training | 1 | |
| Gunpowder | 3 | |
| Plating | 3 | |
| Long Rifles | 1 | |
36 total
» buildings
| Altar of Kings | 1 | |
| Barracks | 1 | |
| Farm | 15 | |
| Town Hall | 1 | |
| Arcane Vault | 2 | |
| Scout Tower | 36 | |
| Lumber Mill | 1 | |
| Guard Tower | 54 | |
| Keep | 4 | |
| Blacksmith | 1 | |
| Arcane Tower | 4 | |
| Castle | 1 | |
| Arcane Sanctum | 1 | |
| Gryphon Aviary | 6 | |
| Watch Tower | 6 | |
134 total
» build order
00:11 Altar of Kings
00:14 Barracks
00:16 Farm
00:54 Farm
01:55 Farm
03:23 Town Hall
04:12 Farm
04:33 Arcane Vault
04:35 Arcane Vault
05:19 Scout Tower
05:20 Scout Tower
05:21 Scout Tower
05:25 Lumber Mill
05:32 Farm
06:08 Guard Tower
06:09 Guard Tower
06:46 Keep
06:46 Keep
06:47 Keep
07:05 Blacksmith
08:18 Scout Tower
08:22 Scout Tower
08:28 Scout Tower
08:31 Scout Tower
08:33 Scout Tower
08:50 Guard Tower
08:51 Guard Tower
08:57 Arcane Tower
08:57 Guard Tower
08:58 Guard Tower
08:58 Guard Tower
09:00 Guard Tower
09:00 Guard Tower
09:09 Castle
09:29 Guard Tower
10:02 Arcane Sanctum
10:06 Gryphon Aviary
10:09 Gryphon Aviary
10:32 Scout Tower
10:34 Scout Tower
13:15 Farm
13:16 Farm
13:35 Gryphon Aviary
13:44 Gryphon Aviary
13:46 Gryphon Aviary
13:49 Gryphon Aviary
15:51 Scout Tower
15:52 Scout Tower
15:53 Scout Tower
15:54 Scout Tower
15:55 Scout Tower
16:02 Scout Tower
16:04 Scout Tower
16:32 Guard Tower
16:33 Guard Tower
16:33 Guard Tower
16:40 Farm
16:41 Farm
16:41 Farm
16:42 Farm
16:42 Farm
16:54 Guard Tower
17:10 Farm
17:13 Farm
17:15 Farm
18:03 Watch Tower
18:04 Watch Tower
18:04 Watch Tower
18:05 Watch Tower
18:06 Watch Tower
18:06 Watch Tower
19:44 Guard Tower
21:25 Scout Tower
21:26 Scout Tower
21:27 Scout Tower
21:28 Scout Tower
21:47 Scout Tower
21:48 Scout Tower
21:48 Scout Tower
21:49 Scout Tower
21:52 Scout Tower
21:55 Scout Tower
21:56 Scout Tower
22:12 Guard Tower
22:12 Guard Tower
22:14 Guard Tower
22:14 Guard Tower
22:15 Guard Tower
22:50 Guard Tower
22:50 Guard Tower
22:51 Guard Tower
22:51 Arcane Tower
23:41 Guard Tower
23:41 Guard Tower
24:15 Scout Tower
24:16 Scout Tower
25:10 Guard Tower
25:20 Scout Tower
25:21 Scout Tower
25:22 Scout Tower
25:26 Scout Tower
25:27 Scout Tower
25:30 Scout Tower
25:50 Guard Tower
25:50 Guard Tower
25:51 Guard Tower
25:57 Guard Tower
25:57 Guard Tower
25:58 Guard Tower
26:00 Guard Tower
26:00 Guard Tower
26:16 Guard Tower
26:17 Guard Tower
26:17 Guard Tower
» items
| Scroll of Regeneration | 6 | |
| Boots of Speed | 1 | |
| Staff of Teleportation | 1 | |
| Potion of Invisibility | 2 | |
| Periapt of Vitality | 1 | |
| Lesser Clarity Potion | 5 | |
| Potion of Mana | 3 | |
| Potion of Healing | 2 | |
| Scroll of Town Portal | 4 | |
| Orb of Lightning | 1 | |
| Tiny Great Hall | 2 | |
28 total
Chat log
(00:05 / Allies) YankeeDoodle: so pissed
(00:07 / Allies) YankeeDoodle: I was gonna get orc
(00:08 / Allies) SecretAllies: 2 ud, what a treat
(00:17 / Allies) YankeeDoodle: lol
(00:27 / Allies) YankeeDoodle: dual BM harass wonder how this will work out
(00:38 / Allies) SecretAllies: you mean quad bm harass, we have 2 orc allies
(00:44 / Allies) YankeeDoodle: lol
(01:14 / Allies) YankeeDoodle: I sure hope they don't level 1 bm harass
(01:32 / Allies) SecretAllies: would be funny if they both went tc or some shit
(01:33 / Allies) YankeeDoodle: should add an arcane tower
(04:52 / Allies) SecretAllies: that's my green camp faggot
(09:24 / Allies) YankeeDoodle: hit him with yoru best shot
(11:24 / All) YankeeDoodle: poor yellow
(11:49 / Allies) The_T4nk: could you do some units instead of saving gold?
(11:55 / Allies) YankeeDoodle: Yeah, I COULD
(11:55 / Allies) SecretAllies: no
(11:59 / Allies) The_T4nk: ok naps
(12:06 / Allies) The_T4nk: then trashtalk morer
(12:09 / Allies) YankeeDoodle: lol
(13:20 / All) YankeeDoodle: dickhead
(13:54 / Allies) YankeeDoodle: 3 ud!
(14:13 / Allies) YankeeDoodle: oh
(14:14 / Allies) YankeeDoodle: it's NE
(14:36 / Allies) YankeeDoodle: whatever you do don't kill pinks expo purple
(15:00 / Allies) ConteD: game lose i paly solo
(15:01 / Allies) YankeeDoodle: You're blind and can't think
(15:02 / Allies) The_T4nk: sure
(15:11 / Allies) The_T4nk: humans dont do units so its lost
(15:32 / Allies) The_T4nk: omw
(15:41 / Allies) YankeeDoodle: you should have had more towers lol
(16:23 / Allies) YankeeDoodle: hit that with me rod
(16:38 / Allies) SecretAllies: with my bm or should I pump an army out?
(16:48 / Allies) YankeeDoodle: pump army
(17:42 / Allies) YankeeDoodle: they couldn't even kill a single base lol
(18:06 / Allies) The_T4nk: y cause i helped
(18:08 / Allies) The_T4nk: noobhumans
(18:22 / Allies) The_T4nk: stop play wc3
(18:24 / Allies) The_T4nk: = ty
(18:50 / All) The_T4nk: HAHA
(19:00 / Allies) The_T4nk: i like KIDS
(19:06 / Allies) SecretAllies: What age?
(19:10 / Allies) The_T4nk: you must be 6
(19:11 / Allies) YankeeDoodle: Keep it to yourself, kiddy diddler sheesh
(19:26 / Allies) The_T4nk: thats kids behavbior
(19:27 / Allies) The_T4nk: noob
(19:43 / All) The_T4nk: now red attacks me
(19:45 / All) The_T4nk: come finish
(20:22 / Allies) The_T4nk: gogo red you doing good
(20:23 / All) YankeeDoodle: Purple was a weak hearted faggot with no character, like teal
(21:54 / Allies) The_T4nk: hey i am here red, come get my heroes nap
(22:07 / Allies) SecretAllies: Heroes don't nap.
(22:16 / Allies) The_T4nk: come kiddo finish me plzzz
(22:19 / Allies) The_T4nk: you did so good
(24:02 / Allies) The_T4nk: long time not laughed that much
(24:37 / Allies) The_T4nk: lol noob
(26:10 / All) SecretAllies: didn't get 1 tower
(26:35 / All) The_T4nk: this will take long sry for my team...
(26:39 / All) The_T4nk: build mass tower all over
(26:51 / Allies) YankeeDoodle: we are going to win, retard
(26:55 / Allies) The_T4nk: ok!
(28:07 / All) j-jAy[4]justice: gg
(28:11 / All) SecretAllies: gg